 Dungeon Crawl Stone Soup version 0.22.0-21-g8bd1b0a76a (webtiles) character file.

40 Kirk the Chopper (level 3, -9/27 HPs)
             Began as a Demonspawn Gladiator on Aug 19, 2018.
             Killed by divine providence
             ... invoked by an orc priest
              (11 damage)
             ... on level 2 of the Dungeon.
             The game lasted 00:01:53 (1301 turns).

Kirk the Chopper (Demonspawn Gladiator)             Turns: 1301, Time: 00:01:54

Health: -9/27      AC:  7    Str: 14    XL:     3   Next: 30%
Magic:  0/3        EV: 12    Int: 10    God:
Gold:   51         SH:  0    Dex: 14    Spells: 2/2 levels left

rFire    . . .     SeeInvis .   a - +0 war axe
rCold    . . .     Gourm    .   (no shield)
rNeg     . . .     Faith    .   b - +0 leather armour
rPois    .         Spirit   +   c - +0 helmet
rElec    .         Reflect  .   p - +0 cloak
rCorr    .         Harm     .   n - +0 pair of gloves
MR       .....                  l - +0 pair of boots
Stlth    +.........             (no amulet)
HPRegen  0.09/turn              (no ring)
MPRegen  0.16/turn              (no ring)

@: no status effects
A: magic shield, magic regeneration
a: no special abilities


You were on level 2 of the Dungeon.
You were not hungry.

You visited 1 branch of the dungeon, and saw 2 of its levels.

You collected 51 gold pieces.

Inventory:

Hand Weapons
 a - a +0 war axe (weapon)
Missiles
 d - 3 throwing nets (quivered)
Armour
 b - a +0 leather armour (worn)
 c - a +0 helmet (worn)
 l - a +0 pair of boots (worn)
 n - a +0 pair of gloves (worn)
 p - a +0 cloak (worn)
Scrolls
 g - a scroll of fear {unknown}
 i - a scroll of teleportation {unknown}
 o - 2 scrolls of identify {unknown}
 q - a scroll of random uselessness {unknown}
Potions
 e - a potion of degeneration {unknown}
 h - 2 potions of lignification {unknown}
 m - a potion of berserk rage {unknown}
Comestibles
 f - 2 rations


   Skills:
 + Level 2.2 Fighting
 * Level 3.7 Axes
 - Level 1.7 Throwing
 + Level 0.7 Armour
 - Level 2.6 Dodging


You had 2 spell levels left.
You didn't know any spells.
Your spell library was empty.

Dungeon Overview and Level Annotations

Branches:
Dungeon (2/15)

Altars:
Hepliaklqana
Okawaru
Vehumet


Innate Abilities, Weirdness & Mutations

When hurt, damage is shared between your health and your magic reserves.
You regenerate magic rapidly.


Message History

The orc priest barely misses you.
You hit the orc priest.
The orc priest is severely wounded.
The orc priest hits you with a hand axe.
The orc priest invokes the aid of Beogh against you.
Beogh smites you!
You barely miss the orc priest.
The orc priest is severely wounded.
The orc priest calls down the wrath of Beogh upon you.
Beogh smites you!
Ouch! That really hurt!
* * * LOW HITPOINT WARNING * * *
You closely miss the orc priest.
The orc priest is severely wounded.
The orc priest hits you with a hand axe.
You barely miss the orc priest.
The orc priest is severely wounded.
The orc priest mumbles some strange prayers to Beogh against you.
Beogh smites you!
You die...

...........####......##.#...##..#
.........### ##...........####..
...#..#....#####..........### ##.
.....#####....<......#......## ##
.....# ##.......#...###.#..## #
.....# #.(####.##.......##..###
.....# #..## #.###.##.....#....
....# #..# #.#.....)..#....## ...
#..# #@#............... ...#
#o)#........#...### ###
#.##........##..# # ..
#........##..# ... ###########..#
(... #..# ..... ##.# ###### ###


You could see an orc priest.

Vanquished Creatures
  A worm (D:2)
  A dart slug (D:2)
  A leopard gecko (D:2)
  3 orcs (D:2)
  A ball python (D:2)
  2 bats
  2 giant cockroaches
  4 goblins
  3 hobgoblins
  2 kobolds
  A quokka (D:2)
  8 rats
29 creatures vanquished.

Notes
Turn   | Place    | Note
-------+----------+-------------------------------------------
     0 | D:1      | Kirk the Demonspawn Gladiator began the quest for the Orb.
     0 | D:1      | Reached XP level 1. HP: 16/16 MP: 1/1
   361 | D:1      | Reached skill level 3 in Axes
   442 | D:1      | Gained mutation: When hurt, damage is shared between your health and your magic reserves. [demonic ancestry]
   442 | D:1      | Reached XP level 2. HP: 22/22 MP: 2/2
   799 | D:2      | Found a hazy altar of Hepliaklqana.
  1066 | D:2      | Found a radiant altar of Vehumet.
  1072 | D:2      | Gained mutation: You regenerate magic rapidly. [demonic ancestry]
  1072 | D:2      | Reached XP level 3. HP: 27/27 MP: 3/3
  1196 | D:2      | Found an iron altar of Okawaru.
  1299 | D:2      | HP: 1/27 [orc priest/divine providence (14)]
  1301 | D:2      | Killed from afar by an orc priest

Skill      XL: |  1 |
---------------+----+-----
Axes           | 3 |  3.7
Fighting       | |  2.2
Throwing       | |  1.7
Armour         | |  0.7
Dodging        | |  2.6

Action                   || total
-------------------------++-------
Melee: War axe           ||    80
  Use: Potion            ||     4
 Stab: Sleeping          ||     1
  Eat: Chunk             ||     1
Armor: Leather armour    ||    18
Dodge: Dodged            ||    45
